Map: Cyber Forest LE

Players

ZertoN

  • Race: Terran Terran
  • League: Master
  • Spawn Location: 5:00

Railgan - Winner!

  • Race: Zerg Zerg
  • League: Grandmaster
  • Spawn Location: 11:00

VOD

https://www.youtube.com/watch?v=nB6GMT79oFo

Description

Time

  • Played on: Feb. 11, 2019, 1:54 p.m.
  • Length: 20:23
Show
View Real Time Build Order
Export as new Build Order

ZertoN Terran 

Build Orders: Liberator Opening, Reaper Expand 

Get SALT Encoding   

  12  0:00  SCV  
  13  0:12  SCV  
  14  0:17  Supply Depot  
  14  0:24  SCV  
  15  0:39  SCV  
  15  0:40  Barracks  
  16  0:44  Refinery  
  16  0:51  SCV  
  17  1:03  SCV  
  18  1:15  SCV  
  19  1:28  Orbital Command, Reaper  
  20  1:41  Command Center  
  20  1:49  Supply Depot  
  20  1:54  SCV  
  21  2:00  Marine  
  22  2:06  SCV  
  23  2:08  Factory  
  23  2:17  Refinery  
  23  2:18  SCV  
  23  2:21  Barracks Reactor  
  24  2:30  SCV  
  25  2:45  SCV  
  25  2:54  Starport  
  25  3:00  Orbital Command, SCV  
  25  3:03  Barracks Tech Lab  
  25  3:04  Hellion x2  
  30  3:12  SCV  
  31  3:16  Liberator  
  31  3:22  Marine  
  31  3:24  SCV  
  31  3:25  Hellion x2  
  37  3:27  SCV  
  41  3:36  SCV  
  42  3:41  Marine  
  42  3:44  SCV  
  40  3:50  SCV  
  40  3:53  Stimpack  
  39  3:56  SCV  
  39  4:02  SCV  
  39  4:08  SCV  
  40  4:11  Factory Reactor, Marine  
  40  4:14  SCV  
  42  4:20  Supply Depot  
  42  4:23  SCV  
  43  4:25  Command Center  
  43  4:26  SCV  
  43  4:28  Barracks  
  44  4:31  Factory Tech Lab  
  44  4:33  Barracks  
  44  4:36  SCV  
  45  4:40  SCV  
  44  4:46  Marine  
  44  4:48  Starport Reactor, SCV  
  44  4:52  SCV  
  45  4:55  Supply Depot  
  45  5:00  SCV  
  45  5:03  Engineering Bay  
  45  5:04  Marine  
  45  5:05  Engineering Bay, SCV  
  48  5:13  SCV  
  49  5:18  Supply Depot  
  49  5:21  SCV  
  49  5:22  Marine  
  49  5:23  Marine x2  
  49  5:25  SCV  
  54  5:32  Terran Infantry Weapons Level 1, Terran Infantry Armor Level 1  
  54  5:38  Orbital Command  
  54  5:39  Starport Reactor, SCV  
  54  5:40  Refinery, SCV, Marine  
  54  5:41  Refinery, Marine x4  
  61  5:48  Missile Turret  
  61  5:51  Missile Turret, SCV  
  61  5:52  SCV  
  61  5:55  Missile Turret  
  61  5:56  Combat Shield  
  60  5:58  Marine x2  
  60  6:02  Marine x2  
  60  6:03  Marine  
  60  6:04  SCV x2  
  67  6:06  Orbital Command  
  67  6:17  Supply Depot  
  67  6:18  Medivac x2, Supply Depot, Marine  
  67  6:19  Marine  
  67  6:20  Marine  
  67  6:23  Siege Tank  
  77  6:26  SCV x2  
  77  6:30  Marine x2  
  81  6:33  SCV  
  81  6:38  SCV x2  
  83  6:42  Marine x2  
  83  6:45  SCV  
  86  6:49  Marine x2  
  86  6:50  Missile Turret, SCV x2, Marine  
  91  6:56  Armory  
  91  6:57  Siege Tank  
  91  6:58  SCV  
  95  7:02  SCV x2, Supply Depot  
  95  7:06  Medivac x2  
  101  7:11  Supply Depot x2  
  101  7:13  Supply Depot  
  101  7:17  SCV  
  101  7:18  SCV  
  101  7:20  Marine x5  
  101  7:22  SCV  
  110  7:30  SCV x2  
  110  7:36  Barracks  
  111  7:37  Barracks, Marine x2  
  111  7:39  Marine  
  111  7:40  Siege Tank, Marine  
  111  7:43  Supply Depot  
  118  7:45  SCV x2  
  118  7:46  SCV  
  118  7:47  Terran Infantry Weapons Level 2  
  121  7:51  Terran Infantry Armor Level 2  
  121  7:57  Marine x2  
  123  8:01  Marine  
  123  8:02  Marine x2  
  126  8:07  Terran Vehicle And Ship Armor Level 1  
  126  8:10  Refinery, Supply Depot x2  
  126  8:13  Siege Tank  
  119  8:25  Barracks Reactor x2  
  119  8:26  Marine  
  119  8:27  Marine  
  110  8:39  Marine x3  
  113  8:44  Marine x2  
  113  8:45  Supply Depot x2, Siege Tank  
  113  8:48  Command Center  
  111  8:57  Marine x2  
  111  8:59  Marine  
  111  9:02  Marine x2  
  103  9:03  Marine  
  103  9:04  Marine x3  
  103  9:07  Barracks x2  
  103  9:08  Barracks, Concussive Shells  
  108  9:12  Medivac  
  108  9:15  Medivac, Marine x2  
  114  9:17  Marine, Siege Tank  
  118  9:28  Marine x3  
  118  9:29  Sensor Tower, Marine x3  
  124  9:32  Marine  
  124  9:35  Marauder  
  124  9:37  Marine  
  128  9:42  Drilling Claws, Medivac  
  128  9:45  Medivac  
  130  9:46  Marine x4  
  130  9:51  Factory  
  137  9:56  Thor  
  141  10:03  Marine x3  
  141  10:05  Barracks  
  138  10:07  Marine x3  
  138  10:08  Marine  
  138  10:17  Marine x2  
  138  10:21  Marine x3  
  136  10:26  Marine x2  
  140  10:29  Marine x2  
  140  10:31  Medivac x2  
  140  10:35  Marine x2  
  142  10:38  Marine  
  142  10:39  Marine x2  
  142  10:40  Factory  
  147  10:44  Marine x2  
  147  10:46  Terran Infantry Weapons Level 3  
  147  10:47  Marine x2  
  151  10:53  Barracks, Marine x2  
  151  10:54  Barracks  
  151  10:56  Barracks, Marine x2  
  155  10:57  Missile Turret  
  155  10:58  Missile Turret  
  155  11:01  Missile Turret, Medivac  
  133  11:12  Marine x7  
  133  11:14  Marine x2  
  129  11:20  Terran Infantry Armor Level 3  
  129  11:29  Marine  
  129  11:30  Marine x5  
  129  11:31  Marauder  
  129  11:32  Marine x2  
  123  11:43  Barracks Tech Lab  
  123  11:44  Barracks Tech Lab  
  123  11:45  Barracks Tech Lab, Planetary Fortress  
  123  11:47  Marine  
  123  11:48  Marine x5  
  123  11:50  Marine x2  
  123  11:51  Missile Turret  
  123  11:52  Marauder  
  123  11:53  Missile Turret x2  
  133  11:59  Factory Reactor  
  133  12:00  Widow Mine  
  135  12:04  Marine x2  
  135  12:05  Marine x4  
  135  12:06  Marine x2  
  135  12:07  Marine  
  135  12:08  Medivac x2  
  148  12:12  Refinery  
  148  12:13  Marauder, Refinery  
  148  12:15  Command Center  
  150  12:17  Marine  
  150  12:19  Marine  
  150  12:22  Marine x2  
  154  12:23  Marine x5  
  154  12:26  Marine x2  
  161  12:32  Widow Mine  
  161  12:34  Marine  
  161  12:35  Marine  
  162  12:37  Widow Mine x2  
  162  12:38  Medivac  
  168  12:49  Marine  
  168  12:50  Marine x9  
  178  12:53  Marauder, Thor  
  161  13:02  Marine  
  161  13:05  Widow Mine x2  
  147  13:07  Marine x2  
  147  13:08  Marine x5  
  147  13:09  Marauder x2  
  158  13:17  Marine  
  158  13:18  Marine  
  160  13:20  Marine  
  160  13:25  Marine x3  
  160  13:26  Widow Mine x2, Sensor Tower, Marine  
  169  13:30  Marauder  
  168  13:43  Marauder, Thor, Marine x2  
  168  13:46  Medivac  
  168  13:48  Widow Mine x2  
  160  13:54  Marine  
  160  13:55  Marine x4  
  155  13:56  Marine x4  
  155  14:00  Marine x2  
  158  14:04  Marine  
  158  14:07  Medivac  
  161  14:12  Sensor Tower, Marine x3  
  161  14:16  Medivac  
  166  14:21  Factory Tech Lab  
  160  14:28  Marine  
  157  14:37  Missile Turret  
  157  14:39  Missile Turret  
  157  14:40  Sensor Tower  
  157  14:41  SCV x4  
  157  14:44  Planetary Fortress  
  161  14:46  Missile Turret  
  161  14:51  Marine  
  161  14:52  Marine  
  161  14:55  Thor  
  165  15:01  Marine x3  
  165  15:02  Marine x3  
  165  15:16  Marine x2  
  165  15:17  Marine x4  
  165  15:19  Marine x6  
  159  15:22  Widow Mine x2  
  159  15:26  Medivac x2  
  167  15:34  Marine x2  
  167  15:35  Marauder, Marine x3  
  155  15:37  Marine x6  
  155  15:38  Widow Mine x2  
  163  15:45  Widow Mine x2  
  167  15:52  Marine  
  167  15:53  Marauder x2  
  167  15:56  Medivac x2  
  176  15:58  Marine x9  
  184  16:07  Widow Mine  
  184  16:08  Widow Mine  
  184  16:10  Marine  
  189  16:14  Marine x2  
  189  16:16  Liberator, Marine x2  
  189  16:18  Marauder  
  193  16:19  Liberator  
  193  16:26  Missile Turret  
  193  16:27  Missile Turret  
  196  16:54  Starport  
  196  16:55  Starport  
  179  17:14  Widow Mine  
  148  17:18  Marauder x2, Marine x10  
  131  17:36  Marine x8  
  131  17:37  Marauder x2  
  140  17:38  Widow Mine x2  
  140  17:39  Thor  
  140  17:42  Starport Reactor, Starport Tech Lab  
  150  17:45  Fusion Core  
  150  17:50  Command Center  
  150  17:51  Liberator x3  
  144  18:11  Terran Ship Weapons Level 1  
  153  18:17  Marine  
  153  18:18  Marine x8  
  153  18:19  Marauder x2  
  166  18:21  Thor  
  166  18:22  Thor  
  177  18:33  Command Center  
  177  18:34  Liberator  
  177  18:38  Liberator  
  177  18:39  Missile Turret, Liberator x2  
  177  18:40  Missile Turret, Sensor Tower  
  177  18:43  Missile Turret  
  182  19:04  Marine  
  172  19:16  Marine x10  
  184  19:17  Marauder  
  184  19:18  Refinery  
  184  19:21  Refinery  
  181  19:44  Marine x2  
  154  20:00  Marauder x2  
  154  20:03  Marine x3  
Show
View Real Time Build Order
Export as new Build Order

Railgan Zerg - Winner!

Build Orders: Pool First, Muta Ling Bane 

Get SALT Encoding   

  12  0:00  Drone  
  13  0:14  Overlord  
  13  0:17  Drone  
  14  0:35  Drone x2  
  16  0:38  Drone  
  17  0:50  Drone, Spawning Pool  
  17  1:05  Drone  
  18  1:12  Hatchery  
  17  1:19  Extractor  
  17  1:21  Drone  
  17  1:22  Drone  
  18  1:38  Queen  
  18  1:39  Zergling x2  
  21  1:46  Drone, Roach Warren  
  21  1:51  Drone  
  22  2:05  Overlord  
  22  2:22  Queen  
  22  2:24  Queen  
  22  2:27  Roach  
  22  2:28  Roach  
  22  2:29  Roach  
  32  2:35  Drone x2  
  34  2:46  Overlord  
  34  2:47  Drone  
  34  2:50  Drone  
  35  2:55  Drone  
  36  3:04  Lair  
  36  3:07  Drone  
  36  3:08  Drone  
  36  3:11  Drone  
  36  3:12  Drone  
  40  3:19  Drone x2  
  42  3:23  Drone  
  43  3:28  Overlord  
  41  3:50  Drone x7  
  48  4:00  Drone  
  48  4:01  Overlord, Extractor  
  48  4:02  Extractor  
  43  4:10  Drone  
  43  4:12  Drone  
  43  4:13  Spore Crawler  
  43  4:15  Spore Crawler  
  43  4:22  Spire  
  42  4:24  Roach  
  42  4:26  Drone  
  42  4:30  Drone  
  42  4:31  Drone x5  
  51  4:36  Overlord  
  51  4:37  Extractor  
  50  4:42  Drone  
  51  4:46  Drone  
  52  5:00  Hatchery  
  50  5:09  Roach x2, Glial Reconstitution  
  50  5:10  Roach  
  50  5:12  Drone  
  50  5:13  Drone x3  
  59  5:18  Drone  
  59  5:19  Overlord  
  60  5:33  Mutalisk x4  
  68  5:39  Overlord  
  68  5:46  Evolution Chamber  
  68  5:47  Drone x4, Evolution Chamber  
  70  5:50  Drone  
  70  5:53  Metabolic Boost  
  70  5:56  Drone x3  
  70  5:57  Drone x2, Overlord  
  76  6:04  Drone  
  77  6:05  Drone  
  77  6:08  Baneling Nest  
  77  6:15  Drone x3  
  77  6:17  Extractor  
  79  6:20  Zerg Ground Armor Level 1  
  79  6:22  Zerg Melee Weapons Level 1  
  79  6:24  Drone  
  79  6:25  Drone x4  
  82  6:41  Overlord  
  82  6:46  Zergling x10, Extractor  
  82  6:47  Zergling x4  
  88  6:52  Centrifical Hooks  
  88  6:54  Drone x3  
  88  7:00  Zergling x4  
  93  7:05  Zergling x4  
  93  7:06  Overlord  
  93  7:07  Drone, Hatchery  
  95  7:12  Baneling, Drone  
  95  7:13  Baneling x5, Spine Crawler  
  95  7:15  Zerg Flyer Weapons Level 1  
  95  7:16  Mutalisk x2  
  95  7:20  Drone  
  95  7:22  Queen  
  102  7:29  Mutalisk x3  
  108  7:32  Overlord  
  108  7:34  Overlord  
  108  7:44  Mutalisk x2  
  108  7:48  Overseer, Drone  
  113  7:54  Baneling x3  
  113  7:55  Baneling  
  113  8:04  Mutalisk x3  
  119  8:06  Hatchery  
  118  8:14  Zergling x2  
  118  8:23  Mutalisk x3  
  123  8:29  Zergling x2  
  123  8:30  Zergling x20  
  124  8:35  Zergling x2  
  124  8:36  Zergling x4  
  124  8:38  Overlord  
  125  8:42  Mutalisk x3  
  125  8:46  Overlord x2  
  130  9:00  Mutalisk  
  130  9:01  Mutalisk x2  
  132  9:04  Drone x4  
  132  9:05  Drone x2  
  132  9:08  Zerg Melee Weapons Level 2  
  138  9:21  Drone  
  138  9:22  Drone  
  138  9:23  Extractor  
  139  9:24  Extractor  
  139  9:25  Drone  
  139  9:26  Drone, Overlord  
  139  9:27  Zergling x2  
  139  9:28  Zergling x10  
  139  9:30  Zerg Ground Armor Level 2  
  146  9:32  Zerg Flyer Weapons Level 2, Hatchery  
  146  9:34  Zergling x4  
  146  9:36  Baneling  
  146  9:37  Baneling x3  
  147  9:41  Zergling x4  
  147  9:43  Zergling x4, Overlord  
  151  9:46  Overlord  
  151  9:50  Zergling x2  
  152  9:55  Zergling x4  
  152  9:58  Ravager x3  
  152  9:59  Drone x3  
  161  10:00  Drone x3  
  161  10:13  Mutalisk  
  161  10:14  Mutalisk x2  
  163  10:17  Zergling x2  
  166  10:21  Zergling x2  
  166  10:22  Zergling x18  
  166  10:23  Spore Crawler  
  166  10:24  Spine Crawler  
  166  10:25  Overlord  
  170  10:36  Drone x2  
  170  10:38  Drone x2  
  170  10:39  Overlord  
  174  10:43  Infestation Pit  
  174  10:46  Baneling  
  174  10:47  Baneling x11  
  174  10:50  Zergling x18  
  182  10:58  Baneling  
  182  10:59  Baneling x2  
  124  11:19  Mutalisk x3  
  124  11:20  Mutalisk x2  
  124  11:23  Zergling x2  
  124  11:24  Zergling x26  
  132  11:36  Mutalisk x6  
  132  11:38  Zergling x2  
  132  11:39  Zergling x10  
  145  11:40  Burrow  
  145  11:41  Zergling x2  
  145  11:42  Zergling x2  
  145  11:43  Zergling x4, Extractor x2  
  145  11:44  Hive  
  145  11:45  Zergling x2  
  148  11:48  Zerg Flyer Armor Level 1  
  148  11:50  Baneling x5  
  148  11:54  Zergling x2  
  148  12:00  Drone x4  
  148  12:01  Drone x2  
  155  12:03  Zergling x2  
  155  12:04  Zergling x4  
  155  12:05  Baneling  
  155  12:06  Baneling x5  
  158  12:08  Zergling x2  
  158  12:11  Zergling x2  
  158  12:13  Zergling x2  
  158  12:26  Baneling  
  158  12:27  Baneling x11, Mutalisk  
  158  12:28  Mutalisk x3  
  166  12:31  Zergling x2  
  166  12:32  Zergling x12  
  173  12:39  Zergling x2  
  174  12:46  Zergling x2  
  174  12:47  Zergling x8  
  160  13:03  Zergling x20  
  160  13:04  Zergling x12  
  160  13:05  Baneling  
  164  13:06  Baneling x17  
  164  13:07  Zergling x2  
  164  13:08  Zergling x10  
  164  13:11  Zerg Melee Weapons Level 3  
  170  13:13  Zerg Ground Armor Level 3  
  170  13:17  Zergling x4  
  172  13:22  Zergling x2  
  172  13:24  Zergling x2  
  160  13:35  Zergling x2  
  160  13:40  Zergling x4  
  162  13:47  Mutalisk x7  
  175  13:49  Zergling x2  
  159  14:00  Zergling x2  
  158  14:03  Zergling x4  
  158  14:04  Zergling x14  
  158  14:06  Mutalisk  
  158  14:07  Mutalisk x5  
  158  14:09  Zergling x2  
  180  14:15  Zergling x2  
  180  14:16  Zergling x10  
  184  14:18  Ultralisk Cavern  
  179  14:32  Zergling x2  
  179  14:33  Zergling x18  
  179  14:34  Zerg Flyer Weapons Level 3  
  179  14:35  Adrenal Glands  
  189  14:40  Baneling x9  
  189  14:41  Baneling x7  
  189  14:44  Zergling x10, Overlord  
  190  14:55  Zergling x2  
  190  14:56  Zergling x10  
  190  14:58  Baneling x8  
  190  14:59  Baneling  
  196  15:02  Hatchery  
  196  15:04  Zergling x2  
  196  15:05  Baneling  
  196  15:06  Baneling x6  
  195  15:08  Baneling x3  
  195  15:12  Zergling x2  
  154  15:21  Ultralisk  
  154  15:24  Ultralisk x2  
  154  15:25  Baneling  
  154  15:26  Baneling  
  154  15:27  Overseer  
  148  15:37  Ultralisk  
  148  15:38  Zergling x2  
  154  15:44  Baneling x2, Zergling x2  
  154  15:45  Zergling x8  
  159  15:53  Chitinous Plating  
  159  15:54  Pneumatized Carapace  
  159  15:55  Overseer  
  159  15:57  Zergling x2  
  159  15:58  Zergling x2  
  159  15:59  Zergling x2  
  159  16:03  Drone x3  
  159  16:04  Drone x2  
  167  16:09  Drone x10  
  167  16:10  Baneling x8  
  167  16:17  Zergling x4  
  166  16:24  Zergling x2, Hatchery  
  166  16:31  Ultralisk  
  178  16:40  Ultralisk  
  178  16:44  Zergling x4  
  180  16:48  Zergling x2  
  180  16:49  Zergling x2  
  180  16:50  Zergling x8  
  180  16:53  Baneling  
  180  16:54  Baneling x5  
  186  16:55  Zergling x2  
  186  16:57  Zergling x4  
  186  16:58  Overseer x2  
  189  17:06  Ultralisk  
  189  17:08  Baneling  
  188  17:12  Anabolic Synthesis  
  177  17:18  Zergling x2  
  177  17:19  Zergling x2  
  157  17:31  Ultralisk  
  157  17:32  Zergling x8  
  168  17:37  Hatchery  
  168  17:39  Ultralisk  
  173  17:50  Baneling x2, Ultralisk  
  179  17:53  Zergling x4  
  179  17:57  Hatchery  
  178  17:58  Baneling  
  178  17:59  Baneling x4  
  178  18:01  Zergling x10  
  183  18:07  Zergling x2  
  183  18:08  Zergling x4  
  186  18:13  Zergling x8  
  190  18:33  Overlord x2  
  190  18:34  Overlord  
  190  18:54  Ultralisk  
  190  18:55  Zergling x4  
  196  19:10  Zergling x2  
  196  19:11  Zergling x4  
  196  19:24  Drone  
  196  19:25  Drone x2  
  199  19:35  Spore Crawler, Baneling  
  199  19:36  Baneling x6  
  197  19:42  Baneling x9  
  197  19:43  Baneling  
  184  20:00  Zergling x2  
  184  20:01  Zergling x18  
Tags
 
Add a new tag
Caveats
  • Supply blocks, unpowered buildings, or Contaminate may cause inaccurate times.
  • Supply counts are checked every 10 seconds.